 Dungeon Crawl Stone Soup version 0.27-a0-1296-g8ece459b43 (console) character file.

Game seed: 9687228645978508907

86 Hector the Chopper (level 4, -4/35 HPs)
             Began as a Formicid Abyssal Knight on June 16, 2021.
             Was a Follower of Lugonu.
             Killed from afar by Natasha (12 damage)
             ... with a puff of flame
             ... on level 2 of the Dungeon.
             The game lasted 00:05:01 (2688 turns).

Hector the Chopper (Formicid Abyssal Knight)        Turns: 2688, Time: 00:05:01

Health: -4/35      AC:  5    Str: 18    XL:     4   Next: 77%
Magic:  5/5        EV: 10    Int: 11    God:    Lugonu [*.....]
Gold:   75         SH:  0    Dex: 10    Spells: 3/3 levels left

rFire    . . .     SeeInvis +   a - +1 hand axe
rCold    . . .     Faith    +   (no shield)
rNeg     . . .     Spirit   .   d - +0 ring mail
rPois    .         Reflect  .   (helmet unavailable)
rElec    .         Harm     .   (no cloak)
rCorr    .         Rampage  .   (no gloves)
Will     .....                  (no boots)
Stlth    ..........             j - amulet of faith
HPRegen  0.11/turn              (no ring)
MPRegen  0.09/turn              (no ring)

@: no status effects
A: permanent stasis, dig shafts and tunnels, antennae 3, four strong arms
a: Dig, Shaft Self, Renounce Religion, Depart the Abyss


You were on level 2 of the Dungeon.
You worshipped Lugonu.
Lugonu was aware of your devotion.
You visited 1 branch of the dungeon, and saw 2 of its levels.
You visited the Abyss 1 time.

You collected 75 gold pieces.

Inventory:

Hand Weapons
 a - a +1 hand axe (weapon)
Missiles
 e - 3 stones
Armour
 b - a +0 leather armour
 d - a +0 ring mail (worn)
Jewellery
 j - an amulet of faith (around neck)
 l - an amulet of magic regeneration
Scrolls
 f - a scroll of teleportation {unknown}
 h - a scroll of acquirement {unknown}
 i - 5 scrolls of identify {unknown}
Potions
 c - a potion of might
 g - a potion of heal wounds {unknown}
 k - a potion of magic {unknown}
 m - a potion of lignification {unknown}


   Skills:
 + Level 3.4 Fighting
 * Level 4.0 Axes
 + Level 2.5 Armour
 + Level 1.2 Dodging
 * Level 2.4 Invocations


You had 3 spell levels left.
You didn't know any spells.
Your spell library was empty.

Dungeon Overview and Level Annotations

Branches:
Dungeon (2/15)

Altars:

Annotations:
D:2 Natasha


Innate Abilities, Weirdness & Mutations

You cannot be hasted, slowed, berserked, paralysed or teleported.
You can dig through walls and to a lower floor.
You have a pair of large antennae on your head. (SInv)
Your four strong arms can wield two-handed weapons with a shield.


Message History

i - 5 scrolls labelled YVUARCH VAILIA (gained 1) Natasha, Servant of Life and Death comes into view.
She is carrying a wand of flame (5).
Natasha hisses angrily.
You extend your mandibles.
You dig through the rock wall.
You dig through the rock wall.
You dig through the rock wall.
You retract your mandibles.
You barely miss Natasha.
Natasha zaps a wand.
The puff of flame hits you.
You barely miss Natasha.
Natasha mewls in sadness.
Natasha zaps a wand.
The puff of flame hits you.
You hit Natasha.
Natasha is moderately wounded.
Natasha zaps a wand.
The puff of flame hits you.
You closely miss Natasha.
Natasha is moderately wounded.
Natasha claws you!
Your ring mail prevents you from hitting Natasha.
Natasha is moderately wounded.
Natasha claws you!
* * * LOW HITPOINT WARNING * * *
You hit Natasha.
Natasha is moderately wounded.
Natasha casts a spell at you. The magic dart hits you.
* * * LOW HITPOINT WARNING * * *
Natasha misses you.
You hit Natasha but do no damage.
Natasha is moderately wounded.
Natasha closely misses you.
You hit Natasha but do no damage.
Natasha is moderately wounded.
Natasha extends her claws.
Natasha stares at you and mumbles some strange words.
You resist with some effort.
You barely miss Natasha.
Natasha is moderately wounded.
Natasha zaps a wand.
The puff of flame hits you!
You die...

###..####.....##.##.
..........##.......
..###h.##..........##.
...............#####.
#.............>..>
#...........#####.
#.###.....## #.
##h###...## #. #@##
#..## #. ###
#.##########.
#............
#############


You could see Natasha.

Vanquished Creatures
  Natasha (D:2)
  2 adders (D:2)
  2 dart slugs
  2 bats (D:1)
  5 endoplasms
  2 giant cockroaches
  6 goblins
  7 jackals
  A quokka (D:1)
  2 ball pythons
  A frilled lizard (D:1)
  3 kobolds (D:1)
  A rat (D:1)
35 creatures vanquished.

Notes
Turn   | Place    | Note
-------+----------+-------------------------------------------
     0 | Abyss:1  | Hector the Formicid Abyssal Knight began the quest for the
                  | Orb.
     0 | Abyss:1  | Reached XP level 1. HP: 18/18 MP: 2/2
    78 | Abyss:1  | Noticed a starcursed mass
    79 | D:1      | Escaped the Abyss
   137 | D:1      | Reached * piety under Lugonu
   214 | D:1      | Reached XP level 2. HP: 17/24 MP: 3/3
   726 | D:1      | Reached skill level 3 in Axes
   898 | D:1      | Reached XP level 3. HP: 22/29 MP: 4/4
   976 | D:1      | You fall into a shaft and drop 1 floor!
  1717 | D:2      | Reached skill level 1 in Dodging
  1901 | D:2      | Reached XP level 4. HP: 11/35 MP: 5/5
  2241 | D:2      | Noticed Natasha
  2247 | D:2      | Killed Natasha
  2248 | D:2      | Reached skill level 4 in Axes
  2672 | D:2      | Noticed Natasha
  2688 | D:2      | Killed from afar by Natasha

Illustrated notes

Levels and vault maps discovered:
D:1:      nzn_arrival_depleted_hourglass, layout_basic, palyth_stone_intersect,
          st_stairs_5, minmay_misc_feat_x
D:2:      layout_loops_ring, grunt_decor_clamped, uniq_natasha

Skill      XL: |  1  2  3  4 |
---------------+-------------+-----
Axes           | 3 4 |  4.0
Dodging        | 1 |  1.2
Fighting       | |  3.4
Armour         | |  2.5
Invocations    | |  2.4

Action                   |  1- 3 |  4- 6 || total
-------------------------+-------+-------++-------
Melee: Hand axe          |   126 |    23 ||   149
Invok: Depart the Abyss  |     1 |       ||     1
 Abil: Dig               |     1 |     2 ||     3
  Use: Potion            |     2 |       ||     2
Armor: Leather armour    |    23 |       ||    23
       Ring mail         |    17 |     2 ||    19
Dodge: Dodged            |    70 |     7 ||    77

Table legend: (Time is in decaauts)
 A = Elapsed time spent in this place.
 B = Non-inter-level travel time spent in this place.
 C = Inter-level travel time spent in this place.
 D = Time resting spent in this place.
 E = Time spent auto-exploring this place.
 F = Levels seen in this place.
 G = Mean time per level.
                   A        B        C        D        E       F      G
               +--------+--------+--------+--------+--------+-----+--------+
         Total |   2711 |   2647 |     64 |    631 |   1559 |   3 |  903.7 |
       Dungeon |   2632 |   2568 |     64 |    631 |   1484 |   2 | 1316.0 |
         Abyss |     79 |     79 |      0 |      0 |     75 |   1 |   79.0 |
               +--------+--------+--------+--------+--------+-----+--------+

Top non-repeatable levels by time:
     D:1: 1791 daAuts
     D:2: 841 daAuts
 Abyss:1: 79 daAuts
